 Dungeon Crawl Stone Soup version 0.31.0-9-g3a7656b989 (webtiles) character file.

Game seed: 14882540377445159093

338 qw the Skirmisher (level 6, 0/36 HPs)
             Began as a Deep Elf Hunter on Feb 2, 2024.
             Slain by a two-headed ogre
             ... wielding a +0 giant spiked club
              (12 damage)
             ... on level 6 of the Dungeon.
             The game lasted 00:00:11 (2468 turns).

qw the Skirmisher (Deep Elf Hunter)                 Turns: 2468, Time: 00:00:12

Health: 0/36       AC: 10    Str: 10    XL:     6   Next: 29%
Magic:  8/8        EV: 12    Int: 14    God:
Gold:   223        SH:  0    Dex: 18    Spells: 5/5 levels left

rFire   . . .        a - +0 shortbow
rCold   . . .        (shield currently unavailable)
rNeg    . . .        e - +3 leather armour of Keczo {SInv}
rPois   .            (no helmet)
rElec   .            k - +0 cloak
rCorr   .            i - +0 pair of gloves
SInv    +            d - +1 pair of boots
Will    .....        (no amulet)
Stlth   ++           (no ring)
HPRegen 0.26/turn    (no ring)
MPRegen 0.11/turn

%: no passive effects
@: weak-willed
A: no striking features
a: no special abilities


You were on level 6 of the Dungeon.
You visited 1 branch of the dungeon, and saw 5 of its levels.

You collected 223 gold pieces.


   Skills:
 - Level 2.3 Fighting
 + Level 9.3 Ranged Weapons
 - Level 3.0 Dodging
 - Level 1.2 Stealth


You had 5 spell levels left.
You didn't know any spells.
Your spell library was empty.

Inventory:

Hand Weapons
 a - a +0 shortbow (weapon)
Armour
 d - a +1 pair of boots (worn)
 e - the +3 leather armour of Keczo (worn) {SInv}
   (You found it on level 2 of the Dungeon)

   SInv:      It lets you see invisible.
 i - a +0 pair of gloves (worn)
 k - a +0 cloak (worn)
Jewellery
 j - a ring of ice
Wands
 h - a wand of flame (1) (quivered)
Potions
 b - 2 potions of heal wounds
 f - 2 potions of might
 g - a potion of ambrosia
 n - a potion of mutation {unknown}

Dungeon Overview and Level Annotations

Branches:
Dungeon (6/15)             Temple (0/1) D:6

Altars:
Trog


Message History

The two-headed ogre is lightly wounded.
2462 ||| ZAPPING wand of flame (8) at 5,5 (two-headed ogre; floor).
Aiming: Throw Flame
Press: ? - help, Q - select action, (/) - cycle Shift-Dir - straight line, f/p - two-headed ogre The puff of flame hits the two-headed ogre.
The two-headed ogre is lightly wounded.
2463 ||| ZAPPING wand of flame (7) at 4,4 (two-headed ogre; floor).
Aiming: Throw Flame
Press: ? - help, Q - select action, (/) - cycle Shift-Dir - straight line, f/p - two-headed ogre The puff of flame hits the two-headed ogre.
The two-headed ogre is moderately wounded.
2464 ||| ZAPPING wand of flame (6) at 3,3 (two-headed ogre; floor).
Aiming: Throw Flame
Press: ? - help, Q - select action, (/) - cycle Shift-Dir - straight line, f/p - two-headed ogre The puff of flame hits the two-headed ogre but does no damage.
The two-headed ogre is moderately wounded.
2465 ||| ZAPPING wand of flame (5) at 2,2 (two-headed ogre; floor).
Aiming: Throw Flame
Press: ? - help, Q - select action, (/) - cycle Shift-Dir - straight line, f/p - two-headed ogre The puff of flame hits the two-headed ogre.
The two-headed ogre is moderately wounded.
2466 ||| ZAPPING wand of flame (4) at 1,1 (two-headed ogre; floor).
Aiming: Throw Flame
Press: ? - help, Q - select action, (/) - cycle Shift-Dir - straight line, f/p - two-headed ogre The puff of flame hits the two-headed ogre.
The two-headed ogre is moderately wounded.
The two-headed ogre hits you with a +0 giant spiked club!
The two-headed ogre hits you with a +0 giant club!
2467 ||| ZAPPING wand of flame (3) at 1,1 (two-headed ogre; floor).
Aiming: Throw Flame
Press: ? - help, Q - select action, (/) - cycle Shift-Dir - straight line, f/p - two-headed ogre The puff of flame hits the two-headed ogre.
The two-headed ogre is heavily wounded.
2468 ||| ZAPPING wand of flame (2) at 1,1 (two-headed ogre; floor).
Aiming: Throw Flame
Press: ? - help, Q - select action, (/) - cycle Shift-Dir - straight line, f/p - two-headed ogre The puff of flame misses the two-headed ogre.
The two-headed ogre hits you but does no damage.
The two-headed ogre hits you with a +0 giant club!
You die...

##########
#.@.......
.......8O...###
.......>.....#
.......8.....#
....$........#
...............
...............
...............


You could see a two-headed ogre.

Vanquished Creatures
  2 scorpions
  A hound (D:4)
  An iguana (D:4)
  4 gnolls
  3 adders
  A dart slug (D:2)
  A ribbon worm (D:3)
  7 bats
  10 endoplasms
  5 giant cockroaches
  7 goblins
  11 hobgoblins
  7 jackals (D:1)
  4 quokkas
  6 ball pythons
  2 frilled lizards (D:1)
  9 kobolds
  8 rats
89 creatures vanquished.

Notes
Turn   | Place    | Note
-------+----------+-------------------------------------------
     0 | D:1      | qw the Deep Elf Hunter began the quest for the Orb.
     0 | D:1      | Reached XP level 1. HP: 12/12 MP: 3/3
     0 | D:1      | 0 ||| qw: Version: 0.3-a-155-g5e7d8dd
     0 | D:1      | 0 ||| qw: Game counter: 1143
     0 | D:1      | 0 ||| qw: Melee chars always use a shield: true
     0 | D:1      | 0 ||| qw: God list: Okawaru
     0 | D:1      | 0 ||| qw: Allow faded altars: false
     0 | D:1      | 0 ||| qw: Do Orc after clearing Dungeon:15 true
     0 | D:1      | 0 ||| qw: Do second Lair branch before Depths: true
     0 | D:1      | 0 ||| qw: Lair rune preference: random
     0 | D:1      | 0 ||| qw: Goals: Normal
     0 | D:1      | 0 ||| PLANNING D:1-11
    63 | D:1      | Reached XP level 2. HP: 16/16 MP: 4/4
    64 | D:1      | Reached skill level 6 in Ranged Weapons
   179 | D:1      | 179 ||| RETREEEEATING.
   187 | D:1      | Reached XP level 3. HP: 9/20 MP: 5/5
   365 | D:1      | Reached skill level 7 in Ranged Weapons
   744 | D:1      | 744 ||| UPGRADING to +1 pair of boots.
   749 | D:1      | 749 ||| READING 3 scrolls labelled GOISOT ANLEOGU.
   749 | D:1      | 749 ||| IDENTIFYING metallic red potion
   750 | D:1      | 750 ||| READING 2 scrolls of identify.
   750 | D:1      | 750 ||| IDENTIFYING fuming pink potion
   751 | D:1      | 751 ||| READING scroll of identify.
   751 | D:1      | 751 ||| IDENTIFYING scroll labelled LOEWACVIREN
   752 | D:1      | 752 ||| READING scroll labelled USORIBREYMO.
   753 | D:1      | 753 ||| DROPPING scroll of butterflies.
   754 | D:1      | 754 ||| DROPPING scroll of revelation.
   755 | D:1      | 755 ||| DROPPING potion of lignification.
   857 | D:2      | Identified the +3 leather armour of Keczo {SInv}
   866 | D:2      | Reached XP level 4. HP: 25/25 MP: 6/6
  1180 | D:2      | Reached skill level 8 in Ranged Weapons
  1608 | D:2      | 1608 ||| UPGRADING to +3 leather armour of Keczo {SInv}.
  1618 | D:2      | 1618 ||| DROPPING +0 leather armour.
  1619 | D:2      | 1619 ||| UPGRADING to +0 pair of gloves.
  1624 | D:2      | 1624 ||| READING scroll of identify.
  1624 | D:2      | 1624 ||| IDENTIFYING purple potion
  1625 | D:2      | 1625 ||| DRINKING 2 sedimented sapphire potions.
  1626 | D:2      | 1626 ||| DROPPING potion of invisibility.
  1689 | D:3      | Found a faded altar of an unknown god.
  1698 | D:3      | Identified the +4 robe of the Lumpy Visions {Str+2}
  2070 | D:3      | 2070 ||| DROPPING +4 robe of the Lumpy Visions {Str+2}.
  2071 | D:3      | 2071 ||| UPGRADING to +0 cloak.
  2076 | D:3      | 2076 ||| READING scroll labelled WYMUAPL PISOIQ.
  2107 | D:4      | Noticed a scorpion
  2108 | D:4      | 2108 ||| ZAPPING wand of flame (20) at -3,2 (scorpion;
                  | floor).
  2109 | D:4      | 2109 ||| ZAPPING wand of flame (19) at -2,1 (scorpion;
                  | floor).
  2110 | D:4      | 2110 ||| STAIRDANCE
  2112 | D:3      | 2112 ||| ZAPPING wand of flame (18) at 0,-1 (scorpion;
                  | floor).
  2113 | D:3      | 2113 ||| ZAPPING wand of flame (17) at 0,-1 (scorpion;
                  | floor).
  2114 | D:3      | 2114 ||| ZAPPING wand of flame (16) at 0,-1 (scorpion;
                  | floor).
  2115 | D:3      | 2115 ||| ZAPPING wand of flame (15) at 0,-1 (scorpion;
                  | floor).
  2116 | D:3      | 2116 ||| ZAPPING wand of flame (14) at 0,-1 (scorpion;
                  | floor).
  2117 | D:3      | 2117 ||| ZAPPING wand of flame (13) at 0,-1 (scorpion;
                  | floor).
  2118 | D:3      | 2118 ||| ZAPPING wand of flame (12) at 0,-1 (scorpion;
                  | floor).
  2119 | D:3      | 2119 ||| ZAPPING wand of flame (11) at 0,-1 (scorpion;
                  | floor).
  2119 | D:3      | Killed a scorpion
  2120 | D:3      | Reached XP level 5. HP: 17/29 MP: 7/7
  2169 | D:4      | 2169 ||| STAIRDANCE
  2178 | D:4      | 2178 ||| STAIRDANCE
  2222 | D:4      | Reached skill level 9 in Ranged Weapons
  2272 | D:4      | 2272 ||| RETREEEEATING.
  2278 | D:4      | Reached skill level 3 in Dodging
  2295 | D:4      | Reached XP level 6. HP: 32/36 MP: 8/8
  2346 | D:4      | Found a bloodstained altar of Trog.
  2443 | D:4      | You fall into a shaft and drop 2 floors!
  2443 | D:6      | Found a staircase to the Ecumenical Temple.
  2444 | D:6      | 2444 ||| PLANNING TEMPLE
  2444 | D:6      | 2444 ||| READING scroll of identify.
  2444 | D:6      | 2444 ||| IDENTIFYING murky dark potion
  2445 | D:6      | 2445 ||| READING scroll labelled KERCHO KEHE.
  2446 | D:6      | 2446 ||| READING scroll labelled MAYMUESUCS.
  2459 | D:6      | Noticed a two-headed ogre
  2460 | D:6      | 2460 ||| ZAPPING wand of flame (10) at 7,7 (two-headed
                  | ogre; floor).
  2461 | D:6      | 2461 ||| ZAPPING wand of flame (9) at 6,6 (two-headed ogre;
                  | floor).
  2462 | D:6      | 2462 ||| ZAPPING wand of flame (8) at 5,5 (two-headed ogre;
                  | floor).
  2463 | D:6      | 2463 ||| ZAPPING wand of flame (7) at 4,4 (two-headed ogre;
                  | floor).
  2464 | D:6      | 2464 ||| ZAPPING wand of flame (6) at 3,3 (two-headed ogre;
                  | floor).
  2465 | D:6      | 2465 ||| ZAPPING wand of flame (5) at 2,2 (two-headed ogre;
                  | floor).
  2466 | D:6      | 2466 ||| ZAPPING wand of flame (4) at 1,1 (two-headed ogre;
                  | floor).
  2467 | D:6      | 2467 ||| ZAPPING wand of flame (3) at 1,1 (two-headed ogre;
                  | floor).
  2468 | D:6      | 2468 ||| ZAPPING wand of flame (2) at 1,1 (two-headed ogre;
                  | floor).
  2468 | D:6      | Slain by a two-headed ogre

Levels and vault maps discovered:
D:1:      dpeg_arrival_yet_another_circle, layout_loops_ring
D:2:      layout_loops_corners
D:3:      layout_rooms, hellmonk_ecumenical_altar_arch_garden
D:4:      layout_basic, trog_hazing_becter, nicolae_overflow_two_pavilions,
          st_stairs_14, fountainhead
D:6:      layout_rooms, pf_just_have_faith, temple_statues, serial_shops, shop,
          nicolae_shop_temple_entry_statues_fountains, shop,
          nicolae_square_shop, nicolae_titane

Skill      XL: |  1  2  3  4  5 |
---------------+----------------+-----
Ranged Weapons | 6 7 8 9 |  9.3
Dodging        | 3 |  3.0
Fighting       | 2 |  2.3
Stealth        | |  1.2

Action                     |  1- 3 |  4- 6 || total
---------------------------+-------+-------++-------
   Fire: Shortbow          |   109 |   146 ||   255
  Evoke: Wand              |       |    19 ||    19
    Use: Scroll            |     4 |     5 ||     9
         Potion            |       |     1 ||     1
 Armour: Leather armour    |    16 |    36 ||    52
  Dodge: Dodged            |    24 |    48 ||    72

Table legend:
 A = Non-vault XP
 B = Vault XP
 C = Vault XP percentage of total XP
 D = Non-vault monster count
 E = Vault monster count
 F = Vault count percentage of total count
                 A         B        C        D         E       F
            +---------+---------+-------+---------+---------+-------
      Total |     391 |      92 |  19.0 |      81 |       8 |   9.0
            +---------+---------+-------+---------+---------+-------
        D:1 |      74 |       0 |   0.0 |      37 |       0 |   0.0
        D:2 |      86 |       0 |   0.0 |      21 |       0 |   0.0
        D:3 |      28 |      80 |  74.1 |      14 |       1 |   6.7
        D:4 |     203 |      12 |   5.6 |       9 |       7 |  43.8
            +---------+---------+-------+---------+---------+-------
